 Dungeon Crawl Stone Soup version 0.28-a0-1518-gbe868bca14 (webtiles) character file.

Game seed: 7622025382215120779

9 knot the Chopper (level 2, 15/24 HPs)
             Began as a Demonspawn Berserker on Jan 17, 2022.
             Was a Follower of Trog.
             Quit the game on level 1 of the Dungeon.
             The game lasted 00:00:15 (438 turns).

knot the Chopper (Demonspawn Berserker)              Turns: 438, Time: 00:00:16

Health: 15/24      AC:  2    Str: 17    XL:     2   Next: 3%
Magic:  2/2        EV: 12    Int:  8    God:    Trog [*.....]
Gold:   14         SH:  0    Dex: 12    Spells: 1/1 levels left

rFire   . . .      SeeInvis .   a - +0 hand axe
rCold   . . .      Faith    .   (no shield)
rNeg    . . .      Spirit   .   b - +0 animal skin
rPois   .          Reflect  .   (no helmet)
rElec   .          Harm     .   (no cloak)
rCorr   .          Rampage  .   (no gloves)
Will    .....                   (no boots)
Stlth   +.........              (no amulet)
HPRegen 0.08/turn               (no ring)
MPRegen 0.08/turn               (no ring)

@: no status effects
A: hooves 1
a: Renounce Religion, Berserk


You were on level 1 of the Dungeon.
You worshipped Trog.
Trog was aware of your devotion.
You visited 1 branch of the dungeon, and saw 1 of its levels.

You collected 14 gold pieces.

Inventory:

Hand Weapons
 a - a +0 hand axe (weapon)
Armour
 b - a +0 animal skin (worn)
Scrolls
 c - a scroll of blinking {unknown}


   Skills:
 - Level 3.0 Fighting
 + Level 3.2 Axes
 - Level 1.7 Armour
 - Level 1.7 Dodging


You had one spell level left.
You didn't know any spells.
Your spell library contained the following spells:

 Spells                   Type           Power      Damage    Failure   Level
 Gell's Gravitas          Tloc           0%         N/A       78%         3
 Lesser Beckoning         Tloc           0%         N/A       78%         3
 Teleport Other           Tloc           0%         N/A       78%         3


Dungeon Overview and Level Annotations

Branches:
Dungeon (1/15)

Altars:


Innate Abilities, Weirdness & Mutations

You have large cloven feet.


Message History

You closely miss the bat. The bat hits you but does no damage.
You closely miss the bat. The bat barely misses you.
You closely miss the bat. The bat barely misses you. x2
You slash the bat!
You kill the bat!
Trog accepts your kill.
No target in view!
No target in view!
You now have 14 gold pieces.
A quokka comes into view.
A quokka is nearby!
A quokka is nearby!
A quokka is nearby!
The quokka bites you. The quokka barely misses you.
You hit the quokka.
The quokka is moderately wounded.
The quokka bites you.
You barely miss the quokka.
The quokka is moderately wounded.
The quokka bites you but does no damage.
You miss the quokka.
The quokka is moderately wounded.
The quokka barely misses you. The quokka closely misses you.
You barely miss the quokka.
The quokka is moderately wounded.
The quokka barely misses you.
You hit the quokka but do no damage.
The quokka is moderately wounded.
The quokka closely misses you.
You barely miss the quokka. You punch the quokka.
The quokka is heavily wounded.
The quokka closely misses you. The quokka barely misses you.
You hit the quokka.
You kill the quokka!
Trog accepts your kill.
You have reached level 2!
You feel monstrous as your demonic heritage exerts itself.
Your demonic ancestry asserts itself...
Your feet thicken and deform.
Are you sure you want to abandon this character and quit the game? (Confirm with "yes".)

#.#####.#.#........
#.......#.##.#....#
#.#.#...#.......... #
#.#.#...#.##.#..÷.#
#.##.#.#...#.##.#.)...
#......#...#.##.#.....
####.#####.#.##.#.####
#....# #..........##
#..@.# ###.##.#.#...
#.....+ .>........†
##....# ####.######
##.... .........
#..... ###.......
#.....# #..#####
#.....## ####..####
#.....##.#.#.#.#.#.
.#.#.#.#.#.#


There were no monsters in sight!

Vanquished Creatures
  2 endoplasms (D:1)
  A goblin (D:1)
  A hobgoblin (D:1)
  A quokka (D:1)
  A bat (D:1)
  A frilled lizard (D:1)
  A rat (D:1)
8 creatures vanquished.

Notes
Turn   | Place    | Note
-------+----------+-------------------------------------------
     0 | D:1      | knot the Demonspawn Berserker began the quest for the Orb.
     0 | D:1      | Reached XP level 1. HP: 18/18 MP: 1/1
   438 | D:1      | Discovered your monstrous ancestry.
   438 | D:1      | Gained mutation: You have large cloven feet. [demonic
                  | ancestry]
   438 | D:1      | Reached XP level 2. HP: 15/24 MP: 2/2
   438 | D:1      | Quit the game

Illustrated notes

Levels and vault maps discovered:
D:1:      ncdulo_watergridlock, layout_basic, kennysheep_boxes

Skill      XL: |  1 |
---------------+----+-----
Axes           | 3 |  3.2
Fighting       | |  3.0
Armour         | |  1.7
Dodging        | |  1.7

Action                   || total
-------------------------++-------
Melee: Hand axe          ||    26
       Punch             ||     1
Invok: Berserk           ||     1
Armor: Animal skin       ||     5
Dodge: Dodged            ||    24

Table legend: (Time is in decaauts)
 A = Elapsed time spent in this place.
 B = Non-inter-level travel time spent in this place.
 C = Inter-level travel time spent in this place.
 D = Time resting spent in this place.
 E = Time spent auto-exploring this place.
 F = Levels seen in this place.
 G = Mean time per level.
                   A        B        C        D        E       F      G
               +--------+--------+--------+--------+--------+-----+--------+
         Total |    451 |    451 |      0 |    241 |    160 |   1 |  451.0 |
       Dungeon |    451 |    451 |      0 |    241 |    160 |   1 |  451.0 |
               +--------+--------+--------+--------+--------+-----+--------+

Top non-repeatable levels by time:
     D:1: 451 daAuts
